Map: Ulrena

Players

HermeS

  • Race: Zerg Zerg
  • League: Master

Miszu - Winner!

  • Race: Terran Terran
  • League: Grandmaster

VOD

Have the link to the VOD?

Description

Time

  • Played on: Feb. 8, 2016, 9:56 a.m.
  • Length: 2:55
Show
View Real Time Build Order
Export as new Build Order

HermeS Zerg 

Build Orders: Hatch First 

Get SALT Encoding   

  12  0:01  Drone  
  13  0:12  Overlord  
  13  0:18  Drone  
  14  0:30  Drone  
  14  0:31  Drone  
  14  0:34  Drone  
  17  0:52  Hatchery  
  17  0:55  Drone  
  17  0:58  Drone  
  18  1:12  Spawning Pool  
  18  1:15  Drone  
  18  1:19  Drone  
  18  1:25  Extractor  
  18  1:28  Drone  
  19  1:38  Overlord  
  19  2:00  Zergling x4, Queen  
  23  2:04  Queen  
  23  2:05  Zergling x2  
  26  2:08  Spine Crawler  
  26  2:11  Zergling x2  
  26  2:17  Zergling x2  
  28  2:23  Spine Crawler  
  25  2:34  Zergling x4  
Show
View Real Time Build Order
Export as new Build Order

Miszu Terran - Winner!

Build Orders:  

Get SALT Encoding   

  12  0:01  SCV  
  13  0:13  SCV  
  14  0:17  Supply Depot  
  14  0:25  SCV  
  15  0:39  SCV  
  15  0:40  Barracks  
  16  0:54  Barracks  
  16  1:07  Barracks  
  16  1:27  Marine  
  16  1:28  Barracks  
  17  1:41  Marine  
  17  1:42  Supply Depot  
  17  1:45  Marine  
  19  1:54  Marine  
  19  1:59  Marine  
  21  2:02  Marine  
  22  2:12  Marine  
  23  2:15  Marine  
  23  2:17  Marine  
  23  2:20  Marine  
  26  2:30  Marine  
  26  2:33  Marine  
  26  2:36  Marine  
Tags
 
Add a new tag
Caveats
  • Supply blocks, unpowered buildings, or Contaminate may cause inaccurate times.
  • Supply counts are checked every 10 seconds.